 BcadrenCrawl: Boulder Brew version 0.05.31-18-ge6de3609f0 (webtiles) character file.

Game seed: 6278704222221648560, levelgen mode: deterministic

2793 BR41ND34D the Reanimator (level 9, -13/45 HPs) Silent Spectre Necromancer. Began on Sept 29, 2021. Was an Initiate of Yredelemnul. Mangled by a white ugly thing (17 damage) ... in an ice cave. The game lasted 01:03:35 (6354 turns).

BR41ND34D the Reanimator (SSNe)                     Turns: 6354, Time: 01:03:36

Health: -13/45     AC:  8    Str:  4    XL:     9 ^: 1537
Magic:  20/23      EV: 19    Int: 26    God:    Yredelemnul [0* [29]]
Gold:   312        SH:  0    Dex: 17    Spells: 15/22 levels left

rFire    . . .     Vision   .   p - +1 flail (acid)
rCold    . . .     Gourm    .   a - +0 dagger
rNeg     + + +     Faith    .   j - +1 robe {rN+}
rCorr    . . .     Spirit   .   b - +2 helmet
rPois    ∞         Reflect  .   r - +0 cloak
rElec    .         Harm     .   (no gloves)
MR       +....                  o - +0 pair of boots
Stlth    +++++.....             (no amulet)
HPRegen  0.25/turn              g - ring of intelligence
MPRegen  0.33/turn              k - ring of stealth

@: silenced, skeletal uprising
A: silence aura 2, negative energy resistance 3, torment resistance,
unbreathing, petrification resistance, silent casting, insubstantial
a: End Uprising, Renounce Religion


You were in an ice cave.
You worshipped Yredelemnul.
Yredelemnul was noncommittal.
You were not hungry.

You visited 2 branches of the dungeon, and saw 6 of its levels.
You also visited: Ice Cave.

You collected 312 gold pieces.

Inventory:

Weapons
 a - a +0 dagger (weapon)
 f - a +0 short sword
 p - a +1 flail of caustic ooze (weapon)
 y - a +1 trident of distortion Shields
 c - a +0 heater shield
 l - a +0 scutum
Armour
 b - a +2 helmet (worn)
 j - a +1 robe of positive energy (worn)
 o - a +0 pair of boots (worn)
 r - a +0 cloak (worn)
 s - a +2 ring mail of fire resistance
Jewellery
 e - a cursed amulet of reflection {(Curse: rF-)}
 g - a ring of intelligence (left hand)
 k - a ring of stealth (right hand)
 t - a cursed amulet of reflection {(Curse: Str-3)}
 v - a cursed ring of fire {(Curse: MR-)}
Wands
 d - a wand of polymorph (1)
 q - a wand of random effects (17)
 w - a wand of ensnaring (2)
Potions
 h - 3 potions of curing
 i - a potion of magic
 m - 2 potions of lignification
 n - a potion of brilliance
 u - a potion of haste
 x - a potion of amnesia


   Skills:
 + Level 6.0 Dodging
 + Level 6.6 Stealth
 - Level 0.1 Unarmed Combat
 * Level 7.3 Spellcasting
 - Level 2.0 Hexes
 - Level 1.0 Charms
 * Level 8.8 Necromancy
 * Level 3.6 Invocations


You had 15 spell levels left.
You knew the following spells:

 Your Spells              Type           Power        Failure   Level  Hunger
a - Pain                  Hex/Necr       25 (25)      1%          1    N/A
b - Vampiric Draining     Necr           53 (200)     1%          3    N/A
p - Pryten's Skeletal Up  Chrm/Necr      35 (200)     3%          3    N/A

Your spell library contained the following spells:

 Spells                   Type           Power        Failure   Level  Hunger
 Animate Dead             Necr           N/A          2%          4    N/A
 Regeneration             Chrm/Necr      35 (200)     3%          3    N/A
 Summon Butterflies       Summ           9 (100)      9%          1    N/A
 Projected Noise          Hex/Tloc       15 (100)     9%          2    N/A
 Tukima's Dance           Hex            20 (100)     11%         3    N/A
 Apportation              Tloc           9 (50)       24%         3    N/A
 Invisibility             Chrm           14 (100)     100%        6    N/A

Dungeon Overview and Level Annotations

Branches:
Dungeon (5/8)              Temple (1/1) D:4           IceCv (1/1)
   Lair: D:5

Altars:
Ashenzari
Cheibriados
Dithmenos
Elyvilon
Fedhas Madash
Gozag Ym Sagoz
Hepliaklqana
Kikubaaqudgha
Makhleb
Nemelex Xobeh
Okawaru
Qazlal
Ru
Sif Muna
Trog
Uskayaw
Vehumet
Wu Jian
Xom
Yredelemnul
Zin
The Shining One


Innate Abilities, Weirdness & Mutations

You are immune to poison.
You are surrounded by an aura of unnatural quiet.
You are immune to negative energy. (rN+++)
You are immune to unholy pain and torment.
You can survive without breathing.
You are immune to petrification.
You can communicate with gods and cast spells while silenced.
Your insubstantial form boosts your evasion and grants immunity to sticky flames, nets and constriction.


Message History

Confirm with . or Enter, or press ? or * to list all spells.
Aiming: Pain (safe; 1% risk of failure)
Press: ? - help, Shift-Dir - straight line, f/p - white ugly thing
Aim: a white ugly thing (silenced, lightly wounded (55/59), chance to defeat MR: 71%)
The white ugly thing writhes in agony (1).
Casting: Pain (safe; 1% risk of failure)
Confirm with . or Enter, or press ? or * to list all spells.
Aiming: Pain (safe; 1% risk of failure)
Press: ? - help, Shift-Dir - straight line, f/p - white ugly thing
Aim: a white ugly thing (silenced, lightly wounded (54/59), chance to defeat MR: 71%)
The white ugly thing writhes in agony (6).
The ice beast hits you (1). The ice beast freezes you (5).
The white ugly thing kicks you (5). The white ugly thing freezes you (21)!!
* * * LOW HITPOINT WARNING * * *
The ice beast closely misses you (0). The white ugly thing kicks you (10)!
* * * LOW HITPOINT WARNING * * *
The white ugly thing freezes you (17)!
You die...
Yredelemnul claims you as an undead slave.

####
##...####
........##
.........##
......Y...##
?..8..Y....#
.[.......Y.#
!©[....∩u@.#
.$......Y..#
?..8...Y...#
..........##
.......Y.##
........##
##...####
####


You could see a white ugly thing and 6 ice beasts.

Vanquished Creatures
  Maurice (D:4)
  Grum (D:4)
  2 war dogs (D:4)
  A necrophage (D:5)
  A water moccasin (D:5)
  A scorpion (D:4)
  2 sky beasts
  An ogre (D:3)
  2 bullfrogs
  3 wights (D:4)
  A crimson imp (D:4)
  5 jellies
  4 orc priests
  A hound (D:4)
  An iguana (D:4)
  4 orc wizards
  3 worker ants
  6 giant cockroaches
  2 gnolls (D:3)
  6 adders
  23 sewer rats (D:2)
  8 cinder newts
  5 oozes
  2 dart slugs (D:1)
  6 leopard geckos
  13 orcs
  An adder skeleton (D:2)
  4 ball pythons
  5 hobgoblins (D:1)
  4 bats (D:2)
  A hobgoblin skeleton (D:2)
  3 kobolds (D:1)
  2 leopard gecko skeletons (D:3)
  A quokka skeleton (D:3)
  A rat (D:1)
  12 plants (D:4)
  3 withered plants (D:2)
142 creatures vanquished.

Vanquished Creatures (collateral kills)
  A war dog (D:4)
  A sky beast (D:5)
  A wight (D:4)
  A jelly (D:2)
  2 orc wizards (D:3)
  A bullfrog zombie (D:4)
  An adder (D:3)
  A gnoll (D:3)
  2 orcs (D:3)
  An adder skeleton (D:2)
  A gnoll skeleton (D:2)
  A quokka (D:3)
  A kobold skeleton (D:2)
  A quokka skeleton (D:3)
16 creatures vanquished.

Vanquished Creatures (others)
  A ball python (D:2)
  A rat (D:2)
  120 withered plants (D:2)
122 creatures vanquished.

Grand Total: 280 creatures vanquished

Notes
Turn   | Place    | Note
-------+----------+-------------------------------------------
     0 | D:1      | BR41ND34D the Silent Spectre Necromancer began the quest
                  | for the Orb.
     0 | D:1      | Reached XP level 1. HP: 10/10 MP: 6/6
   243 | D:1      | Reached XP level 2. HP: 15/15 MP: 3/8
   325 | D:1      | Reached skill level 1 in Hexes
   496 | D:1      | Reached XP level 3. HP: 19/19 MP: 10/10
  1002 | D:2      | Reached skill level 5 in Necromancy
  1002 | D:2      | Reached XP level 4. HP: 21/24 MP: 4/11
  1159 | D:2      | Reached XP level 5. HP: 28/28 MP: 5/13
  1291 | D:2      | Learned a level 3 spell: Pryten's Skeletal Uprising
  1464 | D:2      | Reached XP level 6. HP: 32/32 MP: 7/15
  1566 | D:2      | Reached skill level 6 in Necromancy
  1571 | D:2      | Learned a level 3 spell: Vampiric Draining
  1797 | D:2      | Reached XP level 7. HP: 33/36 MP: 14/16
  2038 | D:2      | Reached skill level 1 in Charms
  2153 | D:2      | Found a glowing golden altar of the Shining One.
  2163 | D:2      | Found a hide-covered altar of Uskayaw.
  2167 | D:2      | Found a shimmering altar of Xom.
  2183 | D:2      | Found an iron altar of Okawaru.
  2196 | D:2      | Found a stormy altar of Qazlal.
  2799 | D:3      | Reached skill level 5 in Spellcasting
  3656 | D:4      | Reached skill level 7 in Necromancy
  3670 | D:4      | Reached skill level 5 in Stealth
  3917 | D:4      | Found a staircase to the Ecumenical Temple.
  3932 | Temple   | Entered the Ecumenical Temple
  4088 | Temple   | Became a worshipper of Yredelemnul the Dark
  4274 | D:4      | Reached XP level 8. HP: 18/41 MP: 10/19
  4714 | D:4      | Reached skill level 1 in Invocations
  4730 | D:4      | Noticed Grum
  4749 | D:4      | Reached skill level 5 in Dodging
  4762 | D:4      | Killed Grum
  4986 | D:4      | Noticed Maurice
  5008 | D:4      | Reached skill level 8 in Necromancy
  5301 | D:4      | Killed Maurice
  5301 | D:4      | Reached XP level 9. HP: 42/45 MP: 9/22
  5888 | D:5      | Entered Level 5 of the Dungeon
  6085 | D:5      | Found a frozen archway.
  6347 | IceCv    | Entered an ice cave
  6347 | IceCv    | Noticed a white ugly thing
  6354 | IceCv    | Mangled by a white ugly thing

Levels and vault maps discovered:
D:1:      ebering_trefoil_3fold, layout_basic, first_ration
D:2:      layout_sewer, minmay_overflow_temple_star_hex
D:3:      minmay_angry_zag, layout_basic
D:4:      layout_grid_maze, minmay_temple_entry_overgrown, uniq_maurice,
          uniq_grum
D:5:      layout_loops_ring, lair_entry_dummy, portal_ice_cave_entry_pillars_1,
          grunt_pizzeria
Temple:   minmay_crystal_spiral_temple
IceCv:    ice_cave_statue_garden_transporter

Skill      XL: |  1  2  3  4  5  6  7  8  9 |
---------------+----------------------------+-----
Hexes          | 1 2 |  2.0
Spellcasting   | 3 4 5 6 7 |  7.3
Necromancy     | 5 6 7 8 |  8.8
Stealth        | 3 4 5 6 |  6.6
Dodging        | 3 4 5 6 |  6.0
Charms         | 1 |  1.0
Invocations    | 2 3 |  3.6
Unarmed Combat | |  0.1

Action                   |  1- 3 |  4- 6 |  7- 9 || total
-------------------------+-------+-------+-------++-------
Melee: Unarmed           |    20 |       |    56 ||    76
       Dagger            |     2 |    34 |   122 ||   158
       Short sword       |     1 |    37 |    41 ||    79
       Flail             |       |       |   121 ||   121
 Cast: Pain              |    40 |   126 |   165 ||   331
       Pryten's Skeletal |       |     1 |     1 ||     2
       Vampiric Draining |       |       |    21 ||    21
 Abil: End Uprising      |       |       |     1 ||     1
 Stab: Sleeping          |     3 |       |    18 ||    21
Armor: Robe              |     2 |     9 |    37 ||    48
       Skin              |       |       |    38 ||    38
       Animal skin       |       |       |     5 ||     5
Dodge: Dodged            |     4 |    80 |   192 ||   276
